 Dungeon Crawl Stone Soup version 0.21-a0-351-g38363bb (webtiles) character file.

947 Dfrag the Firebug (level 7, -1/49 HPs)
             Began as a Demonspawn Fire Elementalist on Oct 9, 2017.
             Slain by a centaur (4 damage)
             ... on level 5 of the Dungeon on Oct 10, 2017.
             The game lasted 00:07:02 (3888 turns).

Dfrag the Firebug (Demonspawn Fire Elementalist)    Turns: 3888, Time: 00:07:03

Health: -1/49      AC:  2    Str:  9    XL:     7   Next: 89%
Magic:  9/14       EV: 13    Int: 18    God:
Gold:   282        SH:  5    Dex: 13    Spells: 2/15 levels left

rFire    . . .     SeeInvis .   p - +0 flail (protect)
rCold    . . .     Gourm    .   (no shield)
rNeg     . . .     Faith    .   a - +0 robe
rPois    .         Spirit   .   (no helmet)
rElec    .         Reflect  +   (no cloak)
rCorr    .         Harm     .   (no gloves)
MR       .....                  (no boots)
Stlth    ++........             m - +5 amulet of reflection
HPRegen  0.16/turn              (no ring)
MPRegen  0.14/turn              (no ring)

@: very slightly contaminated
A: talons 1, powered by death 1, powered by pain 2
a: no special abilities


You were on level 5 of the Dungeon.
You were not hungry.

You visited 1 branch of the dungeon, and saw 5 of its levels.

You collected 282 gold pieces.

Inventory:

Hand Weapons
 n - a +0 blowgun
 p - a +0 flail of protection (weapon)
Missiles
 o - 11 poisoned needles
Armour
 a - a +0 robe (worn)
Jewellery
 m - a +5 amulet of reflection (around neck)
Scrolls
 e - 3 scrolls of fear {unknown}
 g - 2 scrolls of teleportation {unknown}
 j - a scroll of blinking {unknown}
 k - a scroll of noise {unknown}
 r - 3 scrolls of identify {unknown}
 v - a scroll of enchant weapon {unknown}
Potions
 h - a potion of invisibility
 i - 2 potions of mutation {unknown}
 l - a potion of ambrosia {unknown}
 q - a potion of curing
 t - a potion of degeneration {unknown}
 u - a potion of flight {unknown}
Books
 b - a book of Flames

   Spells                             Type                      Level
   a - Flame Tongue                   Conjuration/Fire             1
   b - Throw Flame                    Conjuration/Fire             2
   c - Conjure Flame                  Conjuration/Fire             3
   d - Inner Flame                    Hexes/Fire                   3
   e - Sticky Flame                   Conjuration/Fire             4
   f - Fireball                       Conjuration/Fire             5
Comestibles
 c - 4 bread rations
 d - 3 royal jellies
 f - a meat ration


   Skills:
 + Level 1.7 Fighting
 + Level 0.2 Maces & Flails
 + Level 3.2 Dodging
 + Level 2.7 Stealth
 + Level 1.2 Unarmed Combat
 + Level 4.8 Spellcasting
 + Level 4.0 Conjurations
 + Level 4.8 Fire Magic


You had 2 spell levels left.
You knew the following spells:

 Your Spells              Type           Power        Failure   Level  Hunger
a - Flame Tongue          Conj/Fire      ###..        2%          1    None
b - Conjure Flame         Conj/Fire      ###.....     6%          3    ###....
c - Sticky Flame          Conj/Fire      ###.....     22%         4    ####...
d - Fireball              Conj/Fire      ###.......   52%         5    ######.


Dungeon Overview and Level Annotations

Branches:
Dungeon (5/15)
 Temple: D:4-7

Altars:
Fedhas
Gozag
Trog


Innate Abilities, Weirdness & Mutations

You have sharp toenails.
You regenerate a little health from kills.
You sometimes gain power by taking damage.


Message History

The centaur misses you.
Casting: Sticky Flame
Confirm with . or Enter, or press ? or * to list all spells.
Aiming: Sticky Flame
Press: ? - help, Shift-Dir - straight line, f - centaur
Aim: a centaur The sticky flame hits the centaur.
The centaur is lightly wounded.
The centaur is covered in liquid flames!
The centaur burns!
You block the centaur's attack.
Unknown command.
Casting: Sticky Flame
Confirm with . or Enter, or press ? or * to list all spells.
Aiming: Flame Tongue
Press: ? - help, Shift-Dir - straight line, f/p - centaur
Aim: a centaur (moderately wounded, covered in liquid flames)
The flame tongue hits the centaur.
The centaur appears unharmed.
The centaur is moderately wounded.
The centaur burns!
The centaur hits you.
You die...

...........##....##
########... #....#
... #....# #####
####...(##.....
...............
.......(.......
.......(.......
.......(.......
.......@.......
####...c.......
#....####### #....#
#...... #......
#...... ########


You could see a centaur (burning).

Vanquished Creatures
  Sigmund (D:2)
  A water moccasin (D:5)
  Duvessa (D:4)
  An ice beast (D:3)
  Blork the orc (D:4)
  Dowan (D:4)
  A hound (D:4)
  2 orc priests (D:4)
  3 orc wizards (D:4)
  2 worker ants (D:4)
  6 adders
  2 oozes (D:2)
  An adder skeleton (D:4)
  2 worms (D:2)
  2 dart slugs
  2 leopard geckos
  13 orcs
  4 giant cockroaches
  6 goblins
  2 hobgoblins
  2 jackals
  8 kobolds
  2 quokkas
  A ball python (D:1)
  6 bats
  2 frilled lizards
  A leopard gecko skeleton (D:4)
  A quokka skeleton (D:4)
  7 rats
84 creatures vanquished.

Notes
Turn   | Place    | Note
-------+----------+-------------------------------------------
     0 | D:1      | Dfrag the Demonspawn Fire Elementalist began the quest for the Orb.
     0 | D:1      | Reached XP level 1. HP: 13/13 MP: 3/3
   158 | D:1      | Gained mutation: You sometimes gain a little power by taking damage. [demonic ancestry]
   158 | D:1      | Reached XP level 2. HP: 1/19 MP: 0/5
   835 | D:2      | Reached XP level 3. HP: 4/24 MP: 0/6
  1249 | D:2      | HP: 1/24 [worm (9)]
  1367 | D:2      | Noticed Sigmund
  1544 | D:2      | Killed Sigmund
  1544 | D:2      | Reached skill level 1 in Unarmed Combat
  1544 | D:2      | Reached XP level 4. HP: 26/31 MP: 5/9
  1544 | D:2      | Gained mutation: You regenerate a little health from kills. [demonic ancestry]
  1544 | D:2      | Reached XP level 5. HP: 30/36 MP: 5/10
  1807 | D:3      | Found an opulent altar of Gozag.
  2034 | D:3      | Found a blossoming altar of Fedhas.
  2034 | D:3      | Found a bloodstained altar of Trog.
  2301 | D:4      | Noticed Dowan
  2302 | D:4      | Noticed Duvessa
  2304 | D:5      | Entered Level 5 of the Dungeon
  2309 | D:5      | Learned a level 3 spell: Conjure Flame
  2314 | D:5      | Learned a level 4 spell: Sticky Flame
  2321 | D:4      | Killed Dowan
  2321 | D:4      | Gained mutation: You have sharp toenails. [demonic ancestry]
  2321 | D:4      | Reached XP level 6. HP: 34/42 MP: 6/11
  2464 | D:4      | Noticed an ice beast
  2466 | D:4      | Killed Duvessa
  2588 | D:3      | Killed an ice beast
  2588 | D:3      | Reached skill level 1 in Fighting
  2782 | D:4      | Noticed Blork the orc
  2793 | D:4      | Gained mutation: You sometimes gain power by taking damage. [demonic ancestry]
  2793 | D:4      | Reached XP level 7. HP: 21/48 MP: 5/13
  3002 | D:4      | Killed Blork the orc
  3316 | D:4      | HP: 2/72 [orc priest/flail of protection (3)]
  3594 | D:4      | Learned a level 5 spell: Fireball
  3888 | D:5      | Slain by a centaur

Vault maps used:
D:1:      dpeg_arrival_rooms_with_view
D:2:      first_bread, uniq_sigmund
D:3:      gammafunk_temple_overflow_elements, grunt_gozag_statues
D:4:      kennysheep_cross_room, uniq_duvessa, uniq_blork_the_orc
D:5:      hangedman_decor_push

Skill      XL: |  1  2  3  4  5  6  7 |
---------------+----------------------+-----
Dodging        | 2 3 |  3.2
Fire Magic     | 3 4 |  4.8
Stealth        | 2 |  2.7
Unarmed Combat | 1 |  1.2
Spellcasting   | 3 4 |  4.8
Conjurations   | 2 3 4 |  4.0
Fighting       | 1 |  1.7
Maces & Flails | |  0.2

Action                   |  1- 3 |  4- 6 |  7- 9 || total
-------------------------+-------+-------+-------++-------
Melee: Unarmed           |    63 |    25 |    14 ||   102
       Kick              |       |     4 |     5 ||     9
       Flail             |       |       |     4 ||     4
 Cast: Flame Tongue      |    71 |    58 |    44 ||   173
       Sticky Flame      |       |     3 |    11 ||    14
       Conjure Flame     |       |     2 |       ||     2
  Use: Potion            |     2 |       |     3 ||     5
 Stab: Invisible         |     4 |       |       ||     4
       Sleeping          |       |       |     1 ||     1
  Eat: Chunk             |     3 |     4 |     6 ||    13
Armor: Robe              |    38 |     3 |     2 ||    43
       Skin              |       |       |     1 ||     1
Dodge: Dodged            |    89 |    42 |    34 ||   165
Block: Other             |       |    14 |     9 ||    23
       Reflection        |       |     2 |       ||     2

Table legend:
 A = Spawn XP
 B = Non-spawn XP
 C = Spawn XP percentage of total XP
 D = Spawn monster count
 E = Non-spawn monster count
 F = Spawn count percentage of total count
 G = Total turns spent on level
                    A         B        C        D         E        F      G
               +---------+---------+-------+---------+---------+-------+---------
         Total |       0 |    1354 |   0.0 |       0 |      84 |   0.0 |  3888
               +---------+---------+-------+---------+---------+-------+---------
           D:1 |       0 |      32 |   0.0 |       0 |      18 |   0.0 |   660
           D:2 |       0 |     287 |   0.0 |       0 |      14 |   0.0 |  1113
           D:3 |       0 |     167 |   0.0 |       0 |      17 |   0.0 |   755
           D:4 |       0 |     712 |   0.0 |       0 |      33 |   0.0 |  1222
           D:5 |       0 |     156 |   0.0 |       0 |       2 |   0.0 |   138
               +---------+---------+-------+---------+---------+-------+---------
